 Dungeon Crawl Stone Soup version 0.25-a0-890-g62861fb (webtiles) character file.

Game seed: 2982634065806173649, levelgen mode: deterministic

36 robertstho the Vandal (level 3, -2/24 HPs)
             Began as a Halfling Hunter on May 7, 2020.
             Slain by a shadow imp (4 damage)
             ... on level 2 of the Dungeon.
             The game lasted 00:01:46 (846 turns).

robertstho the Vandal (Halfling Hunter)              Turns: 846, Time: 00:01:47

Health: -2/24      AC:  3    Str: 13    XL:     3   Next: 57%
Magic:  3/3        EV: 15    Int:  9    God:
Gold:   48         SH:  0    Dex: 15    Spells: 2/2 levels left

rFire    + . .     SeeInvis .   a - +1 hunting sling
rCold    . . .     Gourm    .   (shield restricted)
rNeg     . . .     Faith    .   c - +0 leather armour
rPois    .         Spirit   .   (no helmet)
rElec    .         Reflect  .   (no cloak)
rCorr    .         Harm     .   (no gloves)
MR       .....                  (no boots)
Stlth    ++........             (no amulet)
HPRegen  0.08/turn              g - ring of protection from fire
MPRegen  0.08/turn              (no ring)

@: no status effects
A: small, mutation resistance 1
a: no special abilities


You were on level 2 of the Dungeon.
You were not hungry.

You visited 1 branch of the dungeon, and saw 2 of its levels.

You collected 48 gold pieces.

Inventory:

Hand Weapons
 a - a +1 hunting sling (weapon)
 b - a +0 short sword
Missiles
 d - 11 sling bullets (quivered)
 e - 76 stones
Armour
 c - a +0 leather armour (worn)
Jewellery
 g - a ring of protection from fire (left hand)
Scrolls
 j - a scroll of enchant armour {unknown}
 k - a scroll of random uselessness {unknown}
 m - 2 scrolls of identify {unknown}
 n - a scroll of remove curse {unknown}
 p - a scroll of fog {unknown}
Potions
 i - a potion of might {unknown}
 l - a potion of resistance {unknown}
 o - 2 potions of stabbing {unknown}
Comestibles
 f - 3 rations


   Skills:
 * Level 2.2 Fighting
 + Level 6.9 Slings
 + Level 2.4 Dodging
 + Level 1.1 Stealth


You had 2 spell levels left.
You didn't know any spells.
Your spell library was empty.

Dungeon Overview and Level Annotations

Branches:
Dungeon (2/15)

Altars:


Innate Abilities, Weirdness & Mutations

You are small and have problems with some larger weapons.
You are somewhat resistant to further mutation.


Message History

The shadow imp is lightly wounded.
Firing (i - inventory. (/) - cycle)
d - 14 sling bullets (quivered)
Press: ? - help, Shift-Dir - straight line, f/p - shadow imp
Aim: a shadow imp (lightly wounded)
You shoot a sling bullet.
The sling bullet closely misses the shadow imp.
The shadow imp closely misses you.
Firing (i - inventory. (/) - cycle)
d - 13 sling bullets (quivered)
Press: ? - help, Shift-Dir - straight line, f/p - shadow imp
Aim: a shadow imp (lightly wounded)
You shoot a sling bullet. The sling bullet hits the shadow imp.
The shadow imp is severely wounded.
The shadow imp hits you but does no damage.
Firing (i - inventory. (/) - cycle)
d - 12 sling bullets (quivered)
Press: ? - help, Shift-Dir - straight line, f/p - shadow imp
Aim: a shadow imp (severely wounded)
You shoot a sling bullet.
The sling bullet closely misses the shadow imp.
The shadow imp hits you.
You die...

.. [##. .....
. ... # .....
..# #.#.#.###
#...#
...(....#...#
#(.((@5(#
###.#.#...(#
.. #.. ...#
... #### ###
#.# #


You could see a shadow imp.

Vanquished Creatures
  2 dart slugs (D:1)
  3 leopard geckos
  5 bats (D:1)
  4 goblins (D:1)
  6 hobgoblins
  4 kobolds (D:1)
  2 rats (D:1)
26 creatures vanquished.

Notes
Turn   | Place    | Note
-------+----------+-------------------------------------------
     0 | D:1      | robertstho the Halfling Hunter began the quest for the Orb.
     0 | D:1      | Reached XP level 1. HP: 14/14 MP: 1/1
    67 | D:1      | Reached skill level 6 in Slings
   103 | D:1      | Reached XP level 2. HP: 19/19 MP: 2/2
   416 | D:1      | Reached XP level 3. HP: 22/24 MP: 3/3
   846 | D:2      | Slain by a shadow imp

Levels and vault maps discovered:
D:1:      dpeg_arrival_rhombi, layout_loops_ring, st_stairs_6,
          serial_bayou_pond_c, lemuel_old_faithful
D:2:      layout_loops_ring, lemuel_round_altar, xom_redecorated,
          nicolae_overflow_hidden_temple

Skill      XL: |  1  2 |
---------------+-------+-----
Slings         | 6 |  6.9
Fighting       | 2 |  2.2
Dodging        | |  2.4
Stealth        | |  1.1

Action                   || total
-------------------------++-------
 Fire: Hunting sling     ||    74
Armor: Leather armour    ||     4
Dodge: Dodged            ||    15

Table legend:
 A = Non-vault XP
 B = Vault XP
 C = Vault XP percentage of total XP
 D = Non-vault monster count
 E = Vault monster count
 F = Vault count percentage of total count
                 A         B        C        D         E       F
            +---------+---------+-------+---------+---------+-------
      Total |      51 |       1 |   1.9 |      25 |       1 |   3.8
            +---------+---------+-------+---------+---------+-------
        D:1 |      43 |       1 |   2.3 |      22 |       1 |   4.3
        D:2 |       8 |       0 |   0.0 |       3 |       0 |   0.0
            +---------+---------+-------+---------+---------+-------
